 Dungeon Crawl Stone Soup version 0.29.1-14-g9c671dbff4 (webtiles) character file.

Game seed: 16612842516135518132

492 Goreval the Scholar of Death (level 7, -1/52 HPs)
             Began as a Human Necromancer on Feb 20, 2023.
             Was a Follower of Kikubaaqudgha.
             Succumbed to a scorpion's poison
             ... on level 6 of the Dungeon.
             The game lasted 00:09:25 (3762 turns).

Goreval the Scholar of Death (Human Necromancer)    Turns: 3762, Time: 00:09:25

Health: -1/52      AC:  3    Str:  8    XL:     7   Next: 37%
Magic:  1/12       EV: 16    Int: 17    God:    Kikubaaqudgha [*.....]
Gold:   121        SH:  0    Dex: 14    Spells: 7/13 levels left

rFire   . . .      SeeInvis .   o - +0 short sword
rCold   . . .      Faith    .   (no shield)
rNeg    . . .      Spirit   .   a - +0 robe
rPois   .          Reflect  .   (no helmet)
rElec   .          Harm     .   d - +0 cloak
rCorr   .          Rampage  .   (no gloves)
Will    .....                   (no boots)
Stlth   ++........              (no amulet)
HPRegen 0.17/turn               p - ring of flight
MPRegen 0.13/turn               k - +4 ring of evasion

@: lethally poisoned (-1 -> -14), attractive, flying
A: no striking features
a: Renounce Religion, Unearth Wretches


You were on level 6 of the Dungeon.
You worshipped Kikubaaqudgha.
Kikubaaqudgha was aware of your devotion.
You visited 1 branch of the dungeon, and saw 5 of its levels.

You collected 121 gold pieces.

Inventory:

Hand Weapons
 o - a +0 short sword (weapon)
Armour
 a - a +0 robe (worn)
 d - a +0 cloak (worn)
 e - an orb of wrath
Jewellery
 k - a +4 ring of evasion (right hand)
 p - a ring of flight (left hand)
Wands
 q - a wand of mindburst (11)
Scrolls
 c - 2 scrolls of identify {unknown}
 f - a scroll of teleportation {unknown}
 i - a scroll of vulnerability {unknown}
 l - a scroll of noise {unknown}
 r - a scroll of summoning {unknown}
 t - a scroll of enchant armour {unknown}
Potions
 b - 2 potions of magic
 g - a potion of haste {unknown}
 h - a potion of curing {unknown}
 j - 3 potions of heal wounds {unknown}
 m - a potion of ambrosia {unknown}
 n - a potion of degeneration {unknown}
 s - a potion of attraction


   Skills:
 + Level 3.3 Fighting
 - Level 2.0 Dodging
 - Level 2.0 Stealth
 + Level 3.8 Spellcasting
 * Level 6.5 Necromancy


You had 7 spell levels left.
You knew the following spells:

 Your Spells              Type           Power      Damage    Failure   Level
a - Necrotise             Necr           100%       1d9       1%          1
b - Sublimation of Blood  Necr           25%        N/A       1%          2
c - Vampiric Draining     Necr           25%        2d7       3%          3

Your spell library contained the following spells:

 Spells                   Type           Power      Damage    Failure   Level
 Animate Dead             Necr           25%        N/A       11%         4
 Freeze                   Ice            12%        1d4       16%         1
 Agony                    Necr           25%        N/A       30%         5
 Anguish                  Hex/Necr       7%         N/A       38%         4
 Frozen Ramparts          Ice            6%         1d1       43%         3
 Hailstorm                Conj/Ice       3%         3d3       85%         4


Dungeon Overview and Level Annotations

Branches:
Dungeon (6/15) Zot: 26239  Temple (0/1) D:5

Altars:
Kikubaaqudgha
Ru
Xom

Annotations:
D:5 exclusion: ufetubus


Message History

Aim: Eustachio, wielding a +0 rapier and wearing a +0 leather armour (severely wounded, chance to affect: 81%) Eustachio writhes in agony.
You feel very sick. The quokka barely misses you.
The scorpion completely misses you. The quokka misses you.
Eustachio closely misses you.
Aim: Eustachio, wielding a +0 rapier and wearing a +0 leather armour (severely wounded, chance to affect: 81%) Eustachio writhes in agony.
You feel sick. The quokka barely misses you.
The scorpion stings you but does no damage.
The quokka barely misses you. Eustachio hits you with a +0 rapier.
Aim: Eustachio, wielding a +0 rapier and wearing a +0 leather armour (almost dead, chance to affect: 81%) Eustachio writhes in agony.
You feel sick. The quokka barely misses you. The scorpion barely misses you.
The quokka barely misses you. Eustachio hits you but does no damage.
The quokka bites you.
Aim: Eustachio, wielding a +0 rapier and wearing a +0 leather armour (almost dead, chance to affect: 81%) Eustachio writhes in agony.
You feel sick. The scorpion stings you.
* * * LOW HITPOINT WARNING * * *
You are lethally poisoned!
The scorpion poisons you! The quokka closely misses you. x2
Eustachio hits you with a +0 rapier.
* * * LOW HITPOINT WARNING * * *
The scorpion stings you.
* * * LOW HITPOINT WARNING * * *
The quokka misses you.
Aim: Eustachio, wielding a +0 rapier and wearing a +0 leather armour (almost dead, chance to affect: 81%) Eustachio writhes in agony.
You kill Eustachio!
Kikubaaqudgha accepts your kill.
The rat disappears in a puff of smoke!
The quokka disappears in a puff of smoke! x2
The dead are walking!
* * * LOW HITPOINT WARNING * * *
You feel very sick.
The scorpion stings you but does no damage.
Your life force feels restored.
Your Fighting skill increases to level 3!
You have reached level 7!
It was a potion of attraction.
You feel attractive to monsters.
You die...
Kikubaaqudgha rasps: "You have failed me!
Welcome... death!"

....#....#
##.......$#.
#....>......
...........
##?.Z#......
#.#.........
#.)s......$.
#.@W§.......
#..#........
#..#........
#...........
#.....#...).
#.....##....
....... ....
....... ##.


You could see a phantom, a scorpion (ally target) and the friendly Eustachio the
human skeleton.

Vanquished Creatures
  A yak (D:5)
  Eustachio (D:6)
  A sky beast (D:5)
  A scorpion (D:5)
  A howler monkey (D:5)
  A hound (D:5)
  2 iguanas (D:5)
  4 gnolls (D:2)
  3 adders
  3 dart slugs
  An orc (D:5)
  2 ball pythons (D:1)
  2 endoplasms
  4 goblins
  4 hobgoblins
  3 kobolds (D:2)
  2 quokkas
  4 bats (D:1)
  A frilled lizard (D:1)
  3 rats
44 creatures vanquished.

Vanquished Creatures (collateral kills)
  A necrophage (D:5)
  2 endoplasms
  A quokka (D:1)
  A bat (D:1)
5 creatures vanquished.

Grand Total: 49 creatures vanquished

Notes
Turn   | Place    | Note
-------+----------+-------------------------------------------
     0 | D:1      | Goreval the Human Necromancer began the quest for the Orb.
     0 | D:1      | Reached XP level 1. HP: 13/13 MP: 3/3
   129 | D:1      | Reached XP level 2. HP: 20/20 MP: 1/5
   171 | D:1      | Found a faded altar of an unknown god.
   257 | D:1      | Prayed at the altar of an unknown god.
   257 | D:1      | Became a worshipper of Kikubaaqudgha
   257 | D:1      | Reached * piety under Kikubaaqudgha
   257 | D:1      | Received a gift from Kikubaaqudgha
   905 | D:1      | Reached skill level 1 in Fighting
   905 | D:1      | Reached XP level 3. HP: 26/26 MP: 1/6
   908 | D:1      | Learned a level 2 spell: Sublimation of Blood
   912 | D:1      | Learned a level 3 spell: Vampiric Draining
  1746 | D:2      | Reached XP level 4. HP: 32/32 MP: 1/7
  2272 | D:2      | Reached skill level 5 in Necromancy
  2395 | D:3      | You are sucked into a shaft and drop 2 floors!
  2395 | D:5      | Entered Level 5 of the Dungeon
  2411 | D:5      | Reached XP level 5. HP: 38/38 MP: 2/9
  2494 | D:5      | Found a staircase to the Ecumenical Temple.
  2710 | D:5      | Found a sacrificial altar of Ru.
  2724 | D:5      | Reached XP level 6. HP: 42/45 MP: 2/10
  3084 | D:5      | Reached ** piety under Kikubaaqudgha
  3228 | D:5      | Reached skill level 6 in Necromancy
  3413 | D:5      | Found a shimmering altar of Xom.
  3742 | D:6      | Noticed Eustachio
  3761 | D:6      | Killed Eustachio
  3761 | D:6      | HP: 2/42 [poisoned by a scorpion]
  3762 | D:6      | Reached XP level 7. HP: 2/52 MP: 1/12
  3762 | D:6      | Succumbed to a scorpion's poison

Illustrated notes

Levels and vault maps discovered:
D:1:      psy_arrival_basics, layout_loops_corners,
          shapermc_ecumenical_altar_notcrosses
D:2:      layout_loops_ring
D:3:      layout_basic
D:5:      layout_loops_cross, mainiacjoe_overflow_cross_hatched,
          nicolae_ru_sacrificial_ziggurat, minmay_temple_entry_enclosed_plants
D:6:      layout_cave_pools, gammafunk_temple_overflow_claw, centaur_isle,
          uniq_eustachio, uniq_crazy_yiuf_cottage

Skill      XL: |  1  2  3  4  5  6 |
---------------+-------------------+-----
Fighting       | 1 2 3 |  3.3
Necromancy     | 5 6 |  6.5
Spellcasting   | 3 |  3.8
Dodging        | |  2.0
Stealth        | |  2.0

Action                   |  1- 3 |  4- 6 |  7- 9 || total
-------------------------+-------+-------+-------++-------
Melee: Unarmed           |    17 |     4 |       ||    21
       Short sword       |       |    11 |       ||    11
       Punch             |       |     1 |       ||     1
 Cast: Necrotise         |    60 |    70 |       ||   130
Invok: Unearth Wretches  |       |     1 |       ||     1
  Use: Potion            |       |       |     1 ||     1
 Stab: Sleeping          |       |     1 |       ||     1
Armor: Robe              |    16 |     8 |       ||    24
Dodge: Dodged            |    41 |    55 |       ||    96
